 Dungeon Crawl Stone Soup version 0.26-a0-307-g4e7fcc93f0 (webtiles) character file.

Game seed: 14718295332193989598

135 Infinimo the Chopper (level 5, -2/47 HPs)
             Began as a Hill Orc Berserker on July 15, 2020.
             Was a Believer of Trog.
             Slain by a wight
             ... wielding a +0 hand axe
              (6 damage)
             ... on level 3 of the Dungeon.
             The game lasted 00:03:38 (2941 turns).

Infinimo the Chopper (Hill Orc Berserker)           Turns: 2941, Time: 00:03:39

Health: -2/47      AC:  3    Str: 20    XL:     5   Next: 18%
Magic:  5/5        EV: 11    Int:  7    God:    Trog [**....]
Gold:   102        SH:  0    Dex: 11    Spells: 4/4 levels left

rFire    . . .     SeeInvis .   a - +0 hand axe
rCold    . . .     Faith    .   (no shield)
rNeg     . . .     Spirit   .   b - +0 animal skin
rPois    .         Reflect  .   c - +0 helmet
rElec    .         Harm     .   (no cloak)
rCorr    .                      (no gloves)
MR       .....                  (no boots)
Stlth    ..........             (no amulet)
HPRegen  0.15/turn              i - ring of attention (curse)
MPRegen  0.09/turn              (no ring)

@: about to teleport, berserk cooldown, slowed, heavily drained, very slow
A: no striking features
a: Berserk, Trog's Hand, Renounce Religion


You were on level 3 of the Dungeon.
You worshipped Trog.
Trog was pleased with you.
You visited 1 branch of the dungeon, and saw 3 of its levels.

You collected 102 gold pieces.

Inventory:

Hand Weapons
 a - a +0 hand axe (weapon)
Armour
 b - a +0 animal skin (worn)
 c - a +0 helmet (worn)
Jewellery
 i - a cursed ring of attention (left hand)
 l - an uncursed ring of positive energy {unknown}
Scrolls
 d - a scroll of enchant armour {unknown}
 e - 3 scrolls of remove curse
 f - 4 scrolls of identify
 m - a scroll of immolation {unknown}
Potions
 g - 2 potions of curing
 j - a potion of magic {unknown}
 k - a potion of heal wounds {unknown}


   Skills:
 + Level 4.5(3.2) Fighting
 * Level 6.1(4.7) Axes
 + Level 3.4(2.1) Armour
 - Level 1.5(0.3) Dodging


You had 4 spell levels left.
You didn't know any spells.
Your spell library was empty.

Dungeon Overview and Level Annotations

Branches:
Dungeon (3/15)

Altars:

Portals:
Abyss: D:1***


Message History

You feel yourself slow down.
There is an open door here.
You close the door.
A wight opens the door.
As you read the scroll of teleportation, it crumbles to dust.
You feel strangely unstable.
Your surroundings suddenly seem different.
A goblin comes into view.
The goblin shouts!
A wight comes into view. It is wielding a +0 hand axe.
A wight comes into view. It is wielding a +3 mace.
As you read the scroll of teleportation, it crumbles to dust.
You feel strangely unstable. The wight hits you with a +0 hand axe.
* * * LOW HITPOINT WARNING * * *
You feel drained.
* * * LOW HITPOINT WARNING * * *
The wight hits you with a cursed +3 mace.
* * * LOW HITPOINT WARNING * * *
The wight hits you with a +0 hand axe.
You die...

#.......## ##..#
##.....## ##.#
##..†## #.# ##'##
#.# #.# #.#
##.#### #.#
#.....# ##...#.#
.######.z@...###
......g..z.......
######...#..####
##...#.# #.###.#
#.. # ####


You could see 2 wights and a goblin.

Vanquished Creatures
  A scorpion (D:3)
  An adder (D:2)
  An ooze (D:2)
  A worm (D:2)
  3 dart slugs
  An orc (D:3)
  A giant cockroach (D:1)
  4 goblins
  13 hobgoblins
  8 jackals
  7 kobolds
  7 bats
  8 frilled lizards
  5 rats
61 creatures vanquished.

Notes
Turn   | Place    | Note
-------+----------+-------------------------------------------
     0 | D:1      | Infinimo the Hill Orc Berserker began the quest for the
                  | Orb.
     0 | D:1      | Reached XP level 1. HP: 19/19 MP: 1/1
   274 | D:1      | Reached XP level 2. HP: 23/27 MP: 2/2
   627 | D:1      | Reached ** piety under Trog
   627 | D:1      | Reached XP level 3. HP: 33/33 MP: 3/3
   815 | D:1      | Reached skill level 5 in Axes
  1426 | D:2      | Found a faded altar of an unknown god.
  1541 | D:2      | Reached XP level 4. HP: 39/40 MP: 4/4
  2330 | D:3      | Reached skill level 6 in Axes
  2330 | D:3      | Reached XP level 5. HP: 30/47 MP: 5/5
  2941 | D:3      | Slain by a wight

Illustrated notes

Levels and vault maps discovered:
D:1:      minmay_arrival_glassed_features, layout_rooms, supply_closet_lemuel
D:2:      layout_basic, chequers_ecumenical_altar_simple_redux
D:3:      layout_loops_corners

Skill      XL: |  1  2  3  4 |
---------------+-------------+-----
Fighting       | 4 |  4.5
Axes           | 5 6 |  6.1
Armour         | 3 |  3.4
Dodging        | |  1.5

Action                   |  1- 3 |  4- 6 || total
-------------------------+-------+-------++-------
Melee: Hand axe          |   127 |    75 ||   202
Invok: Berserk           |     4 |     3 ||     7
  Use: Scroll            |     4 |     2 ||     6
Armor: Animal skin       |    29 |     7 ||    36
Dodge: Dodged            |   109 |    35 ||   144

Table legend:
 A = Non-vault XP
 B = Vault XP
 C = Vault XP percentage of total XP
 D = Non-vault monster count
 E = Vault monster count
 F = Vault count percentage of total count
                 A         B        C        D         E       F
            +---------+---------+-------+---------+---------+-------
      Total |     194 |       0 |   0.0 |      61 |       0 |   0.0
            +---------+---------+-------+---------+---------+-------
        D:1 |      51 |       0 |   0.0 |      30 |       0 |   0.0
        D:2 |      51 |       0 |   0.0 |      18 |       0 |   0.0
        D:3 |      92 |       0 |   0.0 |      13 |       0 |   0.0
            +---------+---------+-------+---------+---------+-------
